 Dungeon Crawl Stone Soup version 0.29.1-1-gd02db6906a (webtiles) character file.

Game seed: 2080611637020412428

8087 gelatine the Tainter (level 11, -3/118 HPs)
             Began as a Demonspawn Venom Mage on Sept 26, 2022.
             Was a Believer of Vehumet.
             Killed by vampiric draining
             ... invoked by a vampire
              (15 damage)
             ... on level 9 of the Dungeon on Sept 29, 2022.
             The game lasted 00:40:58 (13094 turns).

gelatine the Tainter (Demonspawn Venom Mage)       Turns: 13094, Time: 00:40:59

Health: -3/118     AC: 29    Str:  8    XL:     11   Next: 5%
Magic:  0/29       EV:  2    Int: 20    God:    Vehumet [**....]
Gold:   548        SH:  4    Dex: 15    Spells: 4/23 levels left

rFire   . . .      SeeInvis .   m - +2 dagger (speed)
rCold   . . .      Faith    .   (no shield)
rNeg    . . .      Spirit   .   (body armour currently unavailable)
rPois   +          Reflect  .   (helmet currently unavailable)
rElec   .          Harm     .   (cloak currently unavailable)
rCorr   .          Rampage  .   (gloves currently unavailable)
Will    .....      NoTele   +   (boots currently unavailable)
Stlth   +++.......              G - amulet of regeneration
HPRegen 1.09/turn               H - ring of wizardry
MPRegen 0.21/turn               t - ring of magical power

@: tree-form, attractive, hasted, studying Shields, very quick
A: stationary, stasis, torment immunity, boosted hp, (claws 1), (molten scales
1), icemail 1, powered by death 2, condensation shield
a: Renounce Religion


You were on level 9 of the Dungeon.
You worshipped Vehumet.
Vehumet was pleased with you.
You were a tree.
You visited 2 branches of the dungeon, and saw 10 of its levels.

You collected 548 gold pieces.

Inventory:

Hand Weapons
 f - a +2 dagger of pain
 h - a +0 short sword of venom
 m - a +2 dagger of speed (weapon)
 v - a +3 quarterstaff of chaos
Armour
 a - a +0 robe (melded)
 j - a +2 pair of gloves (melded)
 u - a +1 cloak (melded)
 A - a +2 pair of boots (melded)
 D - a +2 helmet (melded)
Jewellery
 l - a ring of fire
 n - an amulet of guardian spirit
 p - a ring of resist corrosion
 q - a ring of positive energy
 t - a ring of magical power (right branch)
 y - a ring of flight
 G - an amulet of regeneration (around neck)
 H - a ring of wizardry (left branch)
Wands
 z - a wand of flame (21)
 M - a wand of quicksilver (2)
Scrolls
 c - a scroll of fear
 e - 4 scrolls of teleportation
 g - a scroll of poison
 k - a scroll of enchant weapon {unknown}
 r - 2 scrolls of fog
 w - a scroll of immolation {unknown}
 B - a scroll of noise
 C - a scroll of summoning {unknown}
 F - a scroll of magic mapping {unknown}
 K - a scroll of torment {unknown}
Potions
 b - a potion of magic
 d - 2 potions of haste
 i - a potion of invisibility {unknown}
 o - a potion of curing
 s - a potion of attraction
 x - a potion of cancellation {unknown}
 E - a potion of heal wounds {unknown}
 I - a potion of mutation {unknown}
 J - a potion of resistance {unknown}
 L - a potion of lignification


   Skills:
 * Level 5.1 Fighting
 + Level 1.9 Short Blades
 * Level 5.4 Dodging
 * Level 6.2 Stealth
 * Level 7.3 Shields
 + Level 6.6 Spellcasting
 + Level 1.5 Conjurations
 + Level 1.7 Necromancy
 + Level 3.3 Transmutations
 + Level 1.4 Fire Magic
 + Level 1.9 Air Magic
 * Level 9.5 Poison Magic


You had 4 spell levels left.
You knew the following spells:

 Your Spells              Type           Power      Damage    Failure   Level
a - Sting                 Tmut/Pois      100%       1d8       1%          1
b - Poisonous Vapours     Pois/Air       58%        N/A       1%          2
c - Static Discharge      Conj/Air       13%        3-5/arc   3%          2
d - Olgreb's Toxic Radia  Pois           44%        N/A       1%          4
e - Mephitic Cloud        Conj/Pois/Air  23%        N/A       1%          3
f - Vampiric Draining     Necr           13%        2d6       6%          3
g - Ignite Poison         Fire/Tmut/Pois 25%        N/A       1%          3
h - Foxfire               Conj/Fire      48%        2x1d6     2%          1

Your spell library contained the following spells:

 Spells                   Type           Power      Damage    Failure   Level
 Magic Dart               Conj           48%        1d5       2%          1
 Searing Ray              Conj           24%        2d5       3%          2
 Slow                     Hex            24%        N/A       4%          1
 Blink                    Tloc           12%        N/A       6%          2
 Conjure Flame            Conj/Fire      12%        6-21      6%          3
 Confusing Touch          Hex            6%         N/A       12%         3
 Gell's Gravitas          Tloc           6%         N/A       12%         3
 Lesser Beckoning         Tloc           6%         N/A       12%         3
 Teleport Other           Tloc           6%         N/A       12%         3
 Dispel Undead            Necr           13%        3d9       19%         4
 Sticky Flame             Conj/Fire      12%        2d4       21%         4
 Fulminant Prism          Conj/Hex       4%         3d6       28%         4
 Manifold Assault         Tloc           6%         N/A       69%         5
 Dispersal                Tloc           3%         N/A       99%         6


Dungeon Overview and Level Annotations

Branches:
Dungeon (9/15)             Temple (1/1) D:5
   Lair: D:8-11         Orc: D:9-12

Altars:
Ashenzari
Cheibriados
Dithmenos
Fedhas
Gozag
Hepliaklqana
Kikubaaqudgha
Nemelex Xobeh
Okawaru
Qazlal
Ru
Trog
Vehumet
Wu Jian
Xom
Yredelemnul

Shops:
D:6 *   D:9 *


Innate Abilities, Weirdness & Mutations

You are a tree.
Your roots penetrate the ground, keeping you stationary.
You cannot be teleported.
You are immune to unholy pain and torment.
Your maximum health is greatly increased.
Your equipment is partially melded.
((You have sharp fingernails.))
((You are partially covered in molten scales. (AC +2)))
A meltable icy envelope protects you from harm. (AC +4)
You regenerate health from kills.
A meltable shield of frost defends you. (SH +4)


Message History

The lightning grounds out.
Something hits you but does no damage. Something barely misses you.
Casting: Static Discharge (safe; 3% risk of failure)
Confirm with . or Enter, or press ? or * to list all spells.
Something is struck by an arc of lightning!
You are struck by an arc of lightning.
* * * LOW HITPOINT WARNING * * *
The lightning grounds out.
You hear some strange, mumbled words.
Something tries to affect you, but you resist.
Casting: Static Discharge (safe; 3% risk of failure)
Confirm with . or Enter, or press ? or * to list all spells.
You don't have enough magic to cast this spell.
It was a potion of haste.
You feel yourself speed up. Something draws life force from you!
* * * LOW HITPOINT WARNING * * *
It was a potion of attraction.
You feel attractive to monsters.
It was a potion of lignification.
You turn into a tree.
Your +1 cloak melds into your body.
Your +2 helmet melds into your body.
Your +2 pair of gloves melds into your body.
Your +2 pair of boots melds into your body.
Your +0 robe melds into your body.
Your roots penetrate the ground.
Something hits you but does no damage. Something bites you but does no damage.
You cannot move.
You cannot move.
You cannot move.
Casting: Static Discharge (safe; 3% risk of failure)
Confirm with . or Enter, or press ? or * to list all spells.
You can't see any susceptible monsters within range! (Use Z to cast anyway.)
Casting: Static Discharge (safe; 3% risk of failure)
Confirm with . or Enter, or press ? or * to list all spells.
Something is struck by an arc of lightning.
You are struck by an arc of lightning.
* * * LOW HITPOINT WARNING * * *
Something is struck by an arc of lightning!
You are struck by an arc of lightning.
* * * LOW HITPOINT WARNING * * *
The lightning grounds out.
Something draws life force from you!
You die...

### #♣# #{#
#.# #.# #)#
#.#########
#.........#
+..†......#
..#.........#


There were no monsters in sight!

Vanquished Creatures
  A two-headed ogre (D:8)
  A centaur warrior (D:9)
  Pikel (D:9)
  2 ugly things (D:9)
  A guardian serpent (shapeshifter) (D:9)
  Grinder (D:5)
  12 yaks
  A basilisk (D:9)
  4 water moccasins (D:7)
  3 sky beasts (D:7)
  3 orc warriors
  2 black bears
  5 centaurs
  2 kobold brigands
  5 bullfrogs
  A gnoll sergeant (D:8)
  A necrophage (D:7)
  A scorpion (D:5)
  3 wights (D:9)
  5 killer bees (D:9)
  A jelly (D:5)
  2 hounds
  Crazy Yiuf (D:3)
  4 orc priests
  Terence (D:2)
  Natasha (thrice) (D:3)
  6 iguanas
  An orc wizard (D:6)
  3 hell rats (D:9)
  5 gnolls (D:8)
  8 adders
  A river rat (D:9)
  A shadow imp (D:8)
  An ufetubus (D:5)
  2 worms
  2 dart slugs
  23 orcs
  9 endoplasms
  8 giant cockroaches
  7 goblins
  9 hobgoblins
  2 jackals (D:2)
  2 quokkas (D:5)
  8 ball pythons
  4 bats (D:1)
  15 frilled lizards
  13 kobolds
  10 rats
207 creatures vanquished.

Vanquished Creatures (others)
  23 foxfires (D:9)
  7 plants (D:2)
30 creatures vanquished.

Grand Total: 237 creatures vanquished

Notes
Turn   | Place    | Note
-------+----------+-------------------------------------------
     0 | D:1      | gelatine the Demonspawn Venom Mage began the quest for the
                  | Orb.
     0 | D:1      | Reached XP level 1. HP: 13/13 MP: 3/3
   470 | D:1      | Gained mutation: You are partially covered in molten
                  | scales. (AC +2) [demonic ancestry]
   470 | D:1      | Reached XP level 2. HP: 19/19 MP: 0/5
   541 | D:1      | Reached skill level 1 in Transmutations
  1065 | D:1      | Reached XP level 3. HP: 24/24 MP: 4/6
  1542 | D:2      | Found a faded altar of an unknown god.
  1677 | D:2      | Noticed Terence
  1717 | D:2      | Killed Terence
  1718 | D:2      | Gained mutation: You have sharp fingernails. [demonic
                  | ancestry]
  1718 | D:2      | Reached XP level 4. HP: 15/30 MP: 0/8
  2251 | D:2      | Learned a level 2 spell: Poisonous Vapours
  2254 | D:2      | Learned a level 2 spell: Static Discharge
  3600 | D:3      | Noticed Natasha
  3607 | D:3      | Killed Natasha
  3608 | D:3      | Reached skill level 4 in Poison Magic
  3608 | D:3      | Gained mutation: A meltable shield of frost defends you.
                  | (SH +4) [demonic ancestry]
  3608 | D:3      | Reached XP level 5. HP: 19/36 MP: 1/9
  4261 | D:3      | Noticed Natasha
  4267 | D:3      | Killed Natasha
  4424 | D:3      | Noticed Natasha
  4436 | D:3      | Killed Natasha
  4636 | D:3      | Found a runed translucent door.
  4637 | D:3      | Noticed Crazy Yiuf
  4936 | D:3      | Killed Crazy Yiuf
  5192 | D:4      | Noticed an orc warrior
  5242 | D:4      | Reached skill level 1 in Fighting
  5242 | D:4      | Reached skill level 1 in Shields
  5242 | D:4      | Reached XP level 6. HP: 10/43 MP: 2/11
  5553 | D:4      | Learned a level 4 spell: Olgreb's Toxic Radiance
  5575 | D:4      | HP: 1/43 [orc priest/nerve-wracking pain (5)]
  5585 | D:4      | Killed an orc warrior
  5913 | D:4      | Gained mutation: You regenerate a little health from kills.
                  | [demonic ancestry]
  5913 | D:4      | Reached XP level 7. HP: 49/49 MP: 10/12
  6024 | D:4      | Reached skill level 5 in Poison Magic
  6589 | D:4      | Learned a level 3 spell: Mephitic Cloud
  6590 | D:5      | Entered Level 5 of the Dungeon
  6620 | D:5      | Found a staircase to the Ecumenical Temple.
  6640 | Temple   | Entered the Ecumenical Temple
  6640 | Temple   | Found a transporter.
  6640 | Temple   | Found a transporter.
  6677 | Temple   | Found a transporter.
  6677 | Temple   | Found a transporter.
  6700 | Temple   | Became a worshipper of Vehumet
  6926 | D:5      | Noticed Grinder
  6943 | D:5      | Killed Grinder
  6944 | D:5      | Reached skill level 1 in Short Blades
  7466 | D:5      | Reached XP level 8. HP: 43/57 MP: 8/13
  8408 | D:6      | Reached skill level 1 in Air Magic
  8604 | D:6      | Reached skill level 6 in Poison Magic
  9292 | D:6      | Found Syag's Assorted Antiques.
  9619 | D:7      | Reached * piety under Vehumet
  9619 | D:7      | Offered knowledge of Shock by Vehumet.
  9954 | D:7      | Learned a level 3 spell: Vampiric Draining
  9962 | D:7      | Reached skill level 1 in Necromancy
 10218 | D:7      | Gained mutation: You regenerate health from kills. [demonic
                  | ancestry]
 10218 | D:7      | Reached XP level 9. HP: 62/64 MP: 15/16
 10792 | D:7      | Reached skill level 5 in Shields
 11271 | D:7      | Reached skill level 7 in Poison Magic
 11423 | D:8      | Found an ancient bone altar of Kikubaaqudgha.
 11569 | D:8      | Noticed a two-headed ogre
 11572 | D:8      | Killed a two-headed ogre
 11573 | D:8      | Reached skill level 5 in Spellcasting
 11573 | D:8      | Reached skill level 1 in Conjurations
 11897 | D:8      | Learned a level 3 spell: Ignite Poison
 11950 | D:8      | Reached skill level 5 in Stealth
 11992 | D:8      | Found an ornate altar of the Wu Jian Council.
 12253 | D:8      | Reached skill level 8 in Poison Magic
 12265 | D:8      | Gained mutation: A meltable icy envelope protects you from
                  | harm. (AC +4) [demonic ancestry]
 12265 | D:8      | Reached XP level 10. HP: 72/72 MP: 3/18
 12643 | D:9      | Found Ygew's Elemental Accessories.
 12669 | D:9      | Noticed a death yak
 12834 | D:9      | Reached ** piety under Vehumet
 12835 | D:9      | Noticed a salamander
 12853 | D:9      | Noticed a guardian serpent
 12853 | D:9      | a salamander changed into a guardian serpent
 12873 | D:9      | Killed a guardian serpent
 12951 | D:9      | Noticed a brown ugly thing
 12951 | D:9      | Noticed a purple ugly thing
 12952 | D:9      | Noticed a centaur warrior
 12961 | D:9      | Reached skill level 5 in Dodging
 12969 | D:9      | Killed a brown ugly thing
 12970 | D:9      | Reached skill level 1 in Fire Magic
 12970 | D:9      | Killed a cyan ugly thing
 12970 | D:9      | Offered knowledge of Foxfire by Vehumet.
 12971 | D:9      | Reached skill level 9 in Poison Magic
 12973 | D:9      | Learned a level 1 spell: Foxfire
 13004 | D:9      | Reached skill level 5 in Fighting
 13033 | D:9      | Killed a centaur warrior
 13035 | D:9      | Noticed Pikel
 13067 | D:9      | Killed Pikel
 13068 | D:9      | Reached XP level 11. HP: 79/79 MP: 4/20
 13094 | D:9      | Killed from afar by a vampire

Illustrated notes

Levels and vault maps discovered:
D:1:      minmay_arrival_wavy_path, layout_basic, minmay_tiny_reverse_x
D:2:      layout_basic, serial_curves, eino_curves_01, eino_curves_02,
          dreamdust_ecumenical_altar_statues, hangedman_decor_diamond_cutter,
          minmay_lizard_king, uniq_terence
D:3:      layout_basic, moated_statue, chequers_serial_rivers_micro_b,
          uniq_natasha, uniq_crazy_yiuf_cottage
D:4:      layout_basic
D:5:      layout_basic, minmay_temple_entry_sparse_star,
          chequers_serial_rivers_small_b, minmay_misc_feat_x,
          grunt_ministairs_6, uniq_grinder
D:6:      layout_layer_cave, serial_shops, shop
D:7:      layout_layer_cave, dk_vineyard_3
D:8:      layout_loops_ring, nicolae_tso_swordbearing_angel,
          kennysheep_little_box, mainiacjoe_overflow_small_starburst,
          kennysheep_big_empty_room
D:9:      minmay_cut_squares, layout_basic, mainiacjoe_overflow_alcove_2,
          mainiacjoe_overflow_big_doors, dpeg_lair_monsters, orc_0_dummy,
          nicolae_elemental_shop, uniq_pikel
Temple:   hellmonk_temple_divided_pantheon

Skill      XL: |  1  2  3  4  5  6  7  8  9 10 |
---------------+-------------------------------+-----
Transmutations | 1 2 3 |  3.3
Dodging        | 2 3 4 5 |  5.4
Stealth        | 2 3 4 5 6 |  6.2
Spellcasting   | 3 4 5 6 |  6.6
Poison Magic   | 4 5 6 8 9 |  9.5
Fighting       | 1 2 3 4 5 |  5.1
Shields        | 1 2 3 4 6 7 |  7.3
Short Blades   | 1 |  1.9
Air Magic      | 1 |  1.9
Necromancy     | 1 |  1.7
Conjurations   | 1 |  1.5
Fire Magic     | 1 |  1.4

Action                   |  1- 3 |  4- 6 |  7- 9 | 10-12 || total
-------------------------+-------+-------+-------+-------++-------
Melee: Unarmed           |     4 |       |       |       ||     4
       Dagger            |    21 |    78 |   132 |    83 ||   314
       Punch             |       |     1 |     2 |     1 ||     4
 Cast: Sting             |    72 |    80 |    48 |     4 ||   204
       Poisonous Vapours |       |    16 |    20 |       ||    36
       Static Discharge  |       |     2 |    26 |    12 ||    40
       Olgreb's Toxic Ra |       |     2 |    54 |    17 ||    73
       Vampiric Draining |       |       |    11 |       ||    11
       Mephitic Cloud    |       |       |     5 |     1 ||     6
       Ignite Poison     |       |       |     6 |    14 ||    20
       Foxfire           |       |       |       |    13 ||    13
  Use: Scroll            |       |       |     9 |     6 ||    15
       Potion            |       |       |     2 |     4 ||     6
 Stab: Sleeping          |     1 |     2 |       |       ||     3
       Confused          |       |       |     1 |     1 ||     2
Armor: Robe              |     9 |    28 |    39 |    25 ||   101
       Skin              |       |       |       |     2 ||     2
Dodge: Dodged            |    26 |    47 |    87 |    32 ||   192
Block: Other             |       |     7 |    35 |     6 ||    48
